Map: Redshift LE

Players

Root

  • Race: Terran Terran
  • League: Platinum
  • Spawn Location: 11:00

Defoncesko - Winner!

  • Race: Protoss Protoss
  • League: Platinum
  • Spawn Location: 7:00

VOD

Have the link to the VOD?

Description

Time

  • Played on: July 26, 2018, 10:10 a.m.
  • Length: 6:19
Show
View Real Time Build Order
Export as new Build Order

Root Terran 

Build Orders:  

Get SALT Encoding   

  12  0:00  SCV  
  13  0:13  SCV  
  14  0:17  Supply Depot  
  14  0:25  SCV  
  15  0:39  SCV  
  16  0:44  Barracks  
  16  0:51  Refinery, SCV  
  17  0:59  Refinery  
  17  1:07  SCV  
  18  1:19  SCV  
  19  1:31  SCV  
  19  1:32  Reaper  
  21  1:41  Supply Depot  
  21  1:50  SCV  
  22  1:57  Command Center  
  22  2:04  Orbital Command  
  22  2:09  Barracks Reactor  
  22  2:19  Engineering Bay  
  22  2:47  Marine x2  
  23  3:03  Terran Infantry Weapons Level 1  
  23  3:05  Missile Turret, Factory, Marine x2  
  24  3:12  SCV  
  26  3:22  Barracks  
  26  3:24  SCV  
  26  3:25  Orbital Command  
  27  3:36  SCV  
  27  3:56  Cyclone x2  
  32  4:04  Marine  
  32  4:12  Barracks Tech Lab  
  32  4:18  Supply Depot  
  32  4:22  Marine  
  32  4:42  Cyclone x2  
  35  4:45  Supply Depot  
  35  4:46  SCV  
  36  4:56  Marauder  
  36  4:57  Command Center  
  36  4:58  SCV  
  36  4:59  Barracks Reactor  
  37  5:10  SCV  
  35  5:18  Marauder  
  36  5:28  Supply Depot  
  36  5:33  Orbital Command  
  36  5:39  Marauder  
Show
View Real Time Build Order
Export as new Build Order

Defoncesko Protoss - Winner!

Build Orders:  

Get SALT Encoding   

  12  0:01  Probe  
  13  0:13  Probe  
  14  0:22  Pylon  
  14  0:25  Probe  
  15  0:40  Pylon  
  15  0:45  Pylon  
  15  0:51  Pylon  
  15  0:56  Pylon  
  15  1:05  Assimilator  
  15  1:11  Gateway  
  15  1:12  Gateway  
  15  1:21  Probe  
  16  1:33  Probe  
  17  1:43  Gateway x2  
  17  1:45  Probe  
  18  2:06  Cybernetics Core, Pylon  
  18  2:08  Probe  
  19  2:17  Zealot  
  19  2:20  Probe  
  22  2:26  Warp Gate  
  22  2:43  Stalker  
  22  2:44  Stalker  
  26  3:02  Sentry  
  26  3:03  Zealot  
  30  3:13  Pylon  
  30  3:28  Pylon  
  30  3:30  Stalker  
  30  3:33  Adept  
  30  4:42  Adept x4  
  36  5:22  Adept  
  36  5:23  Adept x3  
  44  5:33  Probe  
  45  5:45  Probe  
  41  5:57  Probe  
  37  6:04  Zealot x4  
Tags
 
Add a new tag
Caveats
  • Supply blocks, unpowered buildings, or Contaminate may cause inaccurate times.
  • Supply counts are checked every 10 seconds.